 Dungeon Crawl Stone Soup version 0.30.1-9-gdf580d7c3d (webtiles) character file.

Game seed: 8072868701349179495

375 Ivernyr the Shield-Bearer (level 7, -5/55 HPs)
             Began as a Formicid Fighter on Sept 24, 2023.
             Slain by an ogre
             ... wielding a +0 giant club
              (24 damage)
             ... on level 4 of the Dungeon.
             The game lasted 00:07:16 (2794 turns).

Ivernyr the Shield-Bearer (Formicid Fighter)        Turns: 2794, Time: 00:07:17

Health: -5/55      AC: 10    Str: 22    XL:     7   Next: 3%
Magic:  7/7        EV:  9    Int:  8    God:
Gold:   183        SH:  5    Dex: 13    Spells: 6/6 levels left

rFire   . . .        o - +9 hammer of the First Things {freeze, rPois}
rCold   . . .        c - +0 buckler
rNeg    . . .        b - +0 scale mail
rPois   +            (helmet unavailable)
rElec   .            n - +1 cloak
rCorr   .            k - +0 pair of gloves
SInv    +            (no boots)
Will    .....        (no amulet) Stlth
                     (no ring)
HPRegen 0.29/turn    (no ring)
MPRegen 0.10/turn

%: no passive effects
@: no status effects
A: permanent stasis, dig shafts and tunnels, antennae 3, four strong arms
a: Dig, Shaft Self


You were on level 4 of the Dungeon.
You visited 1 branch of the dungeon, and saw 4 of its levels.

You collected 183 gold pieces.

Inventory:

Hand Weapons
 a - a +4 quarterstaff of chaos
 o - the +9 hammer of the First Things (weapon) {freeze, rPois}
   (You found it on level 2 of the Dungeon)

   rPois:     It protects you from poison.
Armour
 b - a +0 scale mail (worn)
 c - a +0 buckler (worn)
 k - a +0 pair of gloves (worn)
 n - a +1 cloak (worn)
Wands
 q - a wand of quicksilver (15)
 v - a wand of paralysis (13)
Scrolls
 e - 5 scrolls of identify {unknown}
 f - 2 scrolls of vulnerability {unknown}
 g - a scroll of butterflies {unknown}
 l - 5 scrolls of poison {unknown}
 p - 2 scrolls of teleportation {unknown}
 r - a scroll of blinking {unknown}
 u - a scroll of immolation {unknown}
Potions
 d - 2 potions of might
 h - 4 potions of brilliance {unknown}
 i - a potion of degeneration {unknown}
 j - a potion of cancellation {unknown}
 m - a potion of invisibility {unknown}
 s - a potion of heal wounds {unknown}
 t - a potion of mutation {unknown}


   Skills:
 + Level 4.6 Fighting
 * Level 4.6 Staves
 + Level 4.6 Armour
 + Level 5.5 Shields


You had 6 spell levels left.
You didn't know any spells.
Your spell library contained the following spells:

 Spells                   Type           Power      Damage    Failure   Level
 Lesser Beckoning         Tloc           0%         N/A       89%         2
 Scorch                   Fire           0%         2d5       89%         2
 Gell's Gravitas          Tloc           0%         N/A       98%         3
 Teleport Other           Tloc           0%         N/A       98%         3
 Flame Wave               Conj/Fire      0%         2d4       100%        4
 Summon Cactus Giant      Summ           0%         N/A       100%        6


Dungeon Overview and Level Annotations

Branches:
Dungeon (4/15)
 Temple: D:4-7

Altars:
The Shining One


Innate Abilities, Weirdness & Mutations

You cannot be hasted, slowed, berserked, paralysed or teleported.
You can dig through walls and to a lower floor.
You have a pair of large antennae on your head. (SInv)
Your four strong arms can wield two-handed weapons with a shield.


Message History

The giant cockroach barely misses you. The giant cockroach closely misses you.
You barely miss the giant cockroach.
The giant cockroach is heavily wounded.
The giant cockroach bites you.
The giant cockroach bites you but does no damage.
You hit the giant cockroach. You freeze the giant cockroach.
You kill the giant cockroach!
Found a rapier.
You see here a giant cockroach corpse.
Found 8 stones.
Found a stone staircase leading up.
You see here a +0 rapier.
h - 4 cyan potions (gained 2)
You now have 183 gold pieces (gained 13).
v - a wand of paralysis (13)
An adder comes into view.
The adder hisses angrily.
You thump the adder!
The adder seems to slow down.
You freeze the adder.
You kill the adder!
Found a stone staircase leading down.
Found a stone staircase leading down.
There is a stone staircase leading down here.
You sense a monster nearby.
An ogre comes into view. It is wielding a +0 giant club.
Found a glowing mace.
The ogre shouts!
You block the ogre's attack.
You sock the ogre! You freeze the ogre.
The ogre is heavily wounded.
You completely miss the ogre.
The ogre is heavily wounded.
The ogre hits you with a +0 giant club!!
Ouch! That really hurt!
You barely miss the ogre.
The ogre is heavily wounded.
The ogre hits you with a +0 giant club.
You barely miss the ogre.
The ogre is heavily wounded.
The ogre hits you with a +0 giant club!!
You die...

.......#####.###.#
#.###
.)...............#
#....
#...#.#.####.#####
##### #...$...#
#.# #.......## #.#
#.......###.#
#...........#
##......#####
....#..@## ##
##.O# #!#.#
######## ......
......†. #..##.#
######## #.. #.#
... ... ##. .#.


You could see an ogre.

Vanquished Creatures
  A scorpion (D:4)
  Crazy Yiuf (D:2)
  Terence (D:2)
  Natasha (thrice) (D:2)
  3 gnolls (D:4)
  7 adders
  A river rat (D:3)
  4 worms
  2 orcs (D:3)
  11 ball pythons
  5 endoplasms
  6 giant cockroaches
  9 goblins
  5 hobgoblins
  4 jackals (D:3)
  5 kobolds
  2 quokkas
  3 bats
  A frilled lizard (D:2)
  4 rats
78 creatures vanquished.

Notes
Turn   | Place    | Note
-------+----------+-------------------------------------------
     0 | D:1      | Ivernyr the Formicid Fighter began the quest for the Orb.
     0 | D:1      | Reached XP level 1. HP: 18/18 MP: 1/1
    98 | D:1      | Reached XP level 2. HP: 17/24 MP: 2/2
   634 | D:1      | Found a faded altar of an unknown god.
   759 | D:2      | Reached XP level 3. HP: 29/29 MP: 3/3
   869 | D:2      | Noticed Terence
   879 | D:2      | Killed Terence
   880 | D:2      | Reached XP level 4. HP: 10/37 MP: 4/4
  1257 | D:2      | Found a runed translucent door.
  1258 | D:2      | Noticed Crazy Yiuf
  1266 | D:2      | Killed Crazy Yiuf
  1280 | D:2      | Identified the +9 hammer of the First Things {freeze,
                  | rPois}
  1323 | D:2      | Noticed Natasha
  1329 | D:2      | Killed Natasha
  1330 | D:2      | Reached XP level 5. HP: 42/42 MP: 5/5
  1407 | D:2      | Noticed Natasha
  1412 | D:2      | Killed Natasha
  1510 | D:2      | Reached skill level 5 in Shields
  1540 | D:2      | Noticed Natasha
  1544 | D:2      | Killed Natasha
  1711 | D:2      | Reached XP level 6. HP: 47/48 MP: 6/6
  1899 | D:3      | Found a glowing golden altar of the Shining One.
  2534 | D:3      | Found a glowing drain.
  2707 | D:4      | Reached XP level 7. HP: 55/55 MP: 7/7
  2794 | D:4      | Slain by an ogre

Illustrated notes

Levels and vault maps discovered:
D:1:      spicycebolla_green_bress_n_ham_2, layout_loops_ring,
          shapermc_ecumenical_altar_acropolis
D:2:      minmay_diamond_boxcup, layout_basic, minmay_misc_feat_four_crosses,
          uniq_natasha, uniq_terence, uniq_crazy_yiuf_cottage
D:3:      layout_basic, mainiacjoe_overflow_brackets, gup_sewer_entry_spiral,
          minmay_shallow_snake_nest
D:4:      layout_loops_ring

Skill      XL: |  1  2  3  4  5  6 |
---------------+-------------------+-----
Staves         | 3 4 |  4.6
Fighting       | 4 |  4.6
Armour         | 4 |  4.6
Shields        | 5 |  5.5

Action                     |  1- 3 |  4- 6 |  7- 9 || total
---------------------------+-------+-------+-------++-------
  Melee: Quarterstaff      |    55 |    17 |       ||    72
         Mace              |       |   101 |     9 ||   110
Ability: Dig               |       |     1 |       ||     1
 Armour: Scale mail        |    24 |    40 |     1 ||    65
  Dodge: Dodged            |    30 |    34 |     2 ||    66
  Block: Buckler           |    13 |    31 |     2 ||    46
